 Dungeon Crawl Stone Soup version 0.25.0-1-g7eea58d (webtiles) character file.

Game seed: 5883848792208974346

457 yaymichael the Archer (level 6, -3/50 HPs)
             Began as a Centaur Hunter on June 20, 2020.
             Slain by a slave (8 damage)
             ... led by Pikel
             ... on level 4 of the Dungeon.
             The game lasted 00:07:12 (3994 turns).

yaymichael the Archer (Centaur Hunter)              Turns: 3994, Time: 00:07:13

Health: -3/50      AC:  4    Str: 15 (17) XL:     6   Next: 77%
Magic:  6/6        EV:  9    Int:  9 (10) God:
Gold:   191        SH:  0    Dex:  7 (9)  Spells: 5/5 levels left

rFire    . . .     SeeInvis +   e - +2 short sword (speed)
rCold    . . .     Gourm    .   (no shield)
rNeg     . . .     Faith    .   c - +0 leather armour
rPois    .         Spirit   .   (no helmet)
rElec    .         Reflect  .   (no cloak)
rCorr    .         Harm     .   (no gloves)
MR       .....                  (no barding)
Stlth    ..........             (no amulet)
HPRegen  0.16/turn              (no ring)
MPRegen  0.10/turn              t - ring of see invisible

@: very quick
A: large, hooves 3, deformed body, speed 2, tough skin 3
a: no special abilities


You were on level 4 of the Dungeon.
You were not hungry.

You visited 1 branch of the dungeon, and saw 5 of its levels.

You collected 191 gold pieces.

Inventory:

Hand Weapons
 a - a +1 shortbow
 b - a +0 short sword
 e - a +2 short sword of speed (weapon)
 p - a +0 long sword
Missiles
 d - 21 arrows
Armour
 c - a +0 leather armour (worn)
Jewellery
 t - a ring of see invisible (right hand)
Wands
 m - a wand of paralysis (6)
Scrolls
 j - 2 scrolls of amnesia
 q - a scroll of fear
 r - a scroll of remove curse
Potions
 h - a potion of curing
 o - 2 potions of lignification {unknown}
Comestibles
 f - 6 rations


   Skills:
 + Level 2.7 Fighting
 + Level 1.6 Short Blades
 * Level 8.3 Bows
 + Level 1.3 Armour
 * Level 2.2 Dodging
 + Level 0.4 Stealth
 * Level 2.2 Unarmed Combat


You had 5 spell levels left.
You didn't know any spells.
Your spell library was empty.

Dungeon Overview and Level Annotations

Branches:
Dungeon (5/15)
 Temple: D:4-7

Altars:
Nemelex Xobeh
The Shining One

Annotations:
D:4 Menkaure
D:5 Duvessa, Pikel


Innate Abilities, Weirdness & Mutations

You have hooves in place of feet.
Armour fits poorly on your strangely shaped body.
You cover ground very quickly.
You have extremely tough skin. (AC +3)


Message History

The slave hits you.
You hit the slave.
The slave is severely wounded.
The slave hits you. The slave closely misses you.
It was a potion of cancellation.
You feel magically purged. The slave closely misses you. The slave hits you!
You hit the slave but do no damage.
The slave is severely wounded.
The slave closely misses you.
You barely miss the slave.
The slave is severely wounded.
The slave hits you.
* * * LOW HITPOINT WARNING * * *
It was a potion of degeneration.
There was something very wrong with that liquid.
You feel weakened.
You feel dopey.
You feel clumsy. The slave hits you!
* * * LOW HITPOINT WARNING * * *
The slave hits you!
You die...

##### #.... #....
#..). # #####
#.###### #
#op@p..# #
#o####..## ######
# ...#####.....
#..##.).####
#.#..### ##...##
# ######...## #
.........# #
.#######.########


You could see 2 slaves and 2 orcs.

Vanquished Creatures
  An ice beast (D:5)
  Blork the orc (D:5)
  A crimson imp (D:5)
  A centaur skeleton (D:4)
  A hound (D:5)
  An iguana (D:4)
  An orc wizard (D:3)
  A worker ant (D:4)
  4 adders
  3 worms (D:2)
  2 dart slugs (D:1)
  2 leopard geckos
  4 orcs
  A ball python (D:3)
  6 bats
  7 giant cockroaches
  6 goblins
  7 hobgoblins
  12 jackals
  7 kobolds
  8 frilled lizards
  9 rats
86 creatures vanquished.

Notes
Turn   | Place    | Note
-------+----------+-------------------------------------------
     0 | D:1      | yaymichael the Centaur Hunter began the quest for the Orb.
     0 | D:1      | Reached XP level 1. HP: 17/17 MP: 1/1
   268 | D:1      | Reached XP level 2. HP: 23/24 MP: 2/2
   286 | D:1      | Reached skill level 6 in Bows
   766 | D:1      | Reached XP level 3. HP: 22/29 MP: 3/3
  1815 | D:2      | Reached skill level 1 in Unarmed Combat
  1925 | D:2      | Reached XP level 4. HP: 36/36 MP: 4/4
  2264 | D:3      | Found a sparkling altar of Nemelex Xobeh.
  2447 | D:3      | Found a glowing golden altar of the Shining One.
  2457 | D:3      | Reached skill level 1 in Short Blades
  2840 | D:3      | Reached XP level 5. HP: 41/41 MP: 5/5
  2845 | D:3      | Reached skill level 1 in Armour
  3008 | D:4      | Reached skill level 7 in Bows
  3592 | D:4      | Noticed Menkaure
  3629 | D:5      | Entered Level 5 of the Dungeon
  3633 | D:5      | Reached XP level 6. HP: 38/50 MP: 6/6
  3702 | D:5      | Noticed Blork the orc
  3717 | D:5      | Killed Blork the orc
  3717 | D:5      | Reached skill level 8 in Bows
  3737 | D:5      | Noticed an ice beast
  3749 | D:5      | Killed an ice beast
  3943 | D:5      | Noticed a slave
  3943 | D:5      | Noticed a slave
  3945 | D:5      | Noticed Pikel
  3948 | D:5      | Noticed a slave
  3970 | D:5      | Noticed Duvessa
  3994 | D:4      | Slain by a slave

Illustrated notes

Levels and vault maps discovered:
D:1:      dpeg_arrival_prison, layout_rooms, chequers_serial_rivers_marsh
D:2:      layout_rooms, kennysheep_generic_room_9
D:3:      layout_rooms, lemuel_crystal_altar, nemelex_xobeh_ov_fountains_minmay
D:4:      layout_rooms, serial_shops, shop, minmay_cupped, uniq_menkaure
D:5:      layout_cave_pools, kennysheep_mini_moat, nicolae_ashenzari_panopticon,
          first_ration, corexii_leaking_fountain, uniq_edmund,
          uniq_blork_the_orc, uniq_duvessa, uniq_pikel

Skill      XL: |  1  2  3  4  5  6 |
---------------+-------------------+-----
Bows           | 6 7 8 |  8.3
Unarmed Combat | 1 2 |  2.2
Short Blades   | 1 |  1.6
Armour         | 1 |  1.3
Dodging        | 2 |  2.2
Fighting       | |  2.7
Stealth        | |  0.4

Action                   |  1- 3 |  4- 6 || total
-------------------------+-------+-------++-------
Melee: Short sword       |   161 |   102 ||   263
       Kick              |    25 |    20 ||    45
       Punch             |       |     2 ||     2
 Fire: Shortbow          |     9 |    68 ||    77
  Use: Scroll            |       |    10 ||    10
       Potion            |       |     2 ||     2
  Eat: Chunk             |     3 |     5 ||     8
Armor: Leather armour    |    50 |    24 ||    74
Dodge: Dodged            |    76 |    43 ||   119
